 Dungeon Crawl Stone Soup version 0.31-a0-1300-gb6740aa4e6 (webtiles) character file.

Game seed: 17083854067370974620

244 Chimkentus the Stinger (level 6, 0/39 HPs)
             Began as an Octopode Venom Mage on Dec 19, 2023.
             Succumbed to an orc wizard's poison
             ... on level 4 of the Dungeon.
             The game lasted 00:17:29 (2770 turns).

Chimkentus the Stinger (Octopode Venom Mage)        Turns: 2770, Time: 00:17:29

Health: 0/39       AC:  3    Str:  9    XL:     6   Next: 10%
Magic:  10/10      EV: 13    Int: 18    God:
Gold:   7          SH:  5    Dex: 12    Spells: 2/10 levels left

rFire   . . .        p - +0 long sword (elec)
rCold   . . .        (no shield)
rNeg    + . .        r - +2 hat
rPois   .            g - amulet of reflection
rElec   .            c - ring of resist corrosion
rCorr   +            n - ring of willpower
SInv    .            s - ring of positive energy
Will    ++...        (no ring)
Stlth   +++          (no ring)
HPRegen 0.26/turn    (no ring)
MPRegen 0.12/turn    (no ring)
                     (no ring)

%: reflection
@: mighty, lethally poisoned (0 -> -3), enlightened, flying, invisible
A: almost no armour, amphibious, 8 rings, camouflage 1, gelatinous body 1,
(nimble swimmer 1), tentacles
a: no special abilities


You were on level 4 of the Dungeon.
You visited 1 branch of the dungeon, and saw 4 of its levels.

You collected 167 gold pieces.
You spent 160 gold pieces at shops.

Inventory:

Hand Weapons
 p - a +0 long sword of electrocution (weapon)
Missiles
 m - 3 atropa-tipped darts (quivered)
Armour
 o - a +0 kite shield
 r - a +2 hat (worn)
Jewellery
 c - a ring of resist corrosion (left tentacle)
 g - an amulet of reflection (around mantle)
 n - a ring of willpower (right tentacle)
 s - a ring of positive energy (on tentacle)
Talismans
 u - a flux talisman
Wands
 i - a wand of light (7)
Scrolls
 b - 3 scrolls of teleportation
Potions
 f - 2 potions of enlightenment
 h - a potion of degeneration


   Skills:
 * Level 1.7 Fighting
 + Level 2.0 Dodging
 + Level 3.2 Stealth
 + Level 1.8 Unarmed Combat
 + Level 2.7 Spellcasting
 * Level 2.1 Conjurations
 + Level 2.3 Transmutations
 * Level 4.9 Poison Magic


You had 2 spell levels left.
You knew the following spells:

 Your Spells              Type           Power      Damage    Failure   Level
a - Sting                 Tmut/Pois      60%        1d6       3%          1
b - Mephitic Cloud        Conj/Pois/Air  10%        N/A       19%         3
c - Olgreb's Toxic Radia  Pois           20%        N/A       22%         4

Your spell library contained the following spells:

 Spells                   Type           Power      Damage    Failure   Level
 Poisonous Vapours        Pois/Air       22%        N/A       10%         2
 Foxfire                  Conj/Fire      24%        2x1d5     11%         1
 Plasma Beam              Fire/Air       1%         2x1d11    100%        6
 Starburst                Conj/Fire      3%         6d3       100%        6


Dungeon Overview and Level Annotations

Branches:
Dungeon (4/15)             Temple (0/1) D:4

Altars:

Shops:
D:3 (!:[


Innate Abilities, Weirdness & Mutations

You cannot wear most types of armour.
You are amphibious.
You can wear up to eight rings at the same time.
Your skin changes colour to match your surroundings (Stealth+).
Your rubbery body absorbs attacks. (AC +1, EV +1)
((You are camouflaged when in or above water. (Stealth+)))
You have tentacles for arms and can constrict up to eight enemies at once.


Message History

Confirm with . or Enter, or press ? or * to list all spells.
Aiming: Sting (safe; 3% risk of failure)
Press: ? - help, Shift-Dir - straight line, f - ball python
Aim: a ball python (constricting you, 71% to hit)
The sting hits the ball python.
The ball python is poisoned.
You kill the ball python!
* * * LOW HITPOINT WARNING * * *
You feel very sick.
It was a potion of invisibility.
You fade into invisibility!
* * * LOW HITPOINT WARNING * * *
You feel sick.
Unknown command.
Okay, then.
As you read the scroll labelled VANWUK DOSIAR, it crumbles to dust.
You assume a fearsome visage.
Nothing appears to happen.
It was a scroll of fear.
* * * LOW HITPOINT WARNING * * *
You feel sick. Why would you want to do that? Why would you want to do that?
Magic courses through your body.
* * * LOW HITPOINT WARNING * * *
You feel sick.
Unknown command.
Okay, then.
Okay, then.
The air fills with toxic fumes!
As you read the scroll labelled XOS TYTZOIH, it crumbles to dust.
It was a scroll of poison.
* * * LOW HITPOINT WARNING * * *
You feel sick.
As you read the scroll labelled QYAG OZAIM, it crumbles to dust.
You feel aware of your surroundings.
It was a scroll of revelation.
* * * LOW HITPOINT WARNING * * *
You feel sick.
Unknown command.
You feel very buoyant.
You fly up into the air.
You die...

,*,*,*,,,,,,,,,,,,,*,,,,,*,***,,,
,*,*,*,<,..##.###§§#§§§§,*,,,,,,,
,*,*,*,,,...§..§§§§#§§§§,*,*****,
,*,,,,,,,.###§.§§#§§§§§.,,,,****,
,*,..#...§###§##§§§#§#...**,,,,,,
,*,..#...§§§§§§§§§§§§#...,,,,,,,,
,*,......§§§§§§§§§§#§#§§.********
,,?,.....§##§§§§§§§§§§§§.,* ***
,,#.##...§§§§§§§@§§§§§§§.,* *,,
,,,......§§§§####§§§##§§.,*****,,
,,,......§.....).§§§§§§§.,**,,,,,
,,****##.....######§§##§.,**,**,,
,,* #.....###...§§§#.,,,,,,,,,
,,* #............§§§§,,**,*,*,
,,######..##.###.###.##§.,**,*,,,
,,...........###.....##..,,*,,,,,
*,#######.#..# *..#*,,,,,,,,,,,,,


There were no monsters in sight!

Vanquished Creatures
  3 orc wizards
  4 gnolls
  4 adders
  A dart slug (D:3)
  7 orcs
  10 ball pythons
  10 bats
  12 endoplasms
  2 giant cockroaches
  6 goblins
  3 hobgoblins
  6 jackals (D:2)
  2 quokkas (D:1)
  2 frilled lizards
  3 kobolds
  6 rats
81 creatures vanquished.

Notes
Turn   | Place    | Note
-------+----------+-------------------------------------------
     0 | D:1      | Chimkentus the Octopode Venom Mage began the quest for the
                  | Orb.
     0 | D:1      | Reached XP level 1. HP: 11/11 MP: 3/3
   300 | D:1      | Reached XP level 2. HP: 17/17 MP: 1/5
   555 | D:1      | Reached skill level 4 in Poison Magic
   630 | D:1      | Reached XP level 3. HP: 21/21 MP: 1/6
   724 | D:1      | Learned a level 3 spell: Mephitic Cloud
  1378 | D:2      | Reached XP level 4. HP: 27/27 MP: 3/7
  1406 | D:2      | Reached skill level 1 in Fighting
  1918 | D:2      | Reached skill level 1 in Conjurations
  1963 | D:2      | Reached skill level 1 in Unarmed Combat
  1966 | D:2      | Reached XP level 5. HP: 25/33 MP: 1/8
  2059 | D:3      | Found Megagel's Antique Weapon Boutique.
  2106 | D:3      | Learned a level 4 spell: Olgreb's Toxic Radiance
  2155 | D:3      | Found Oczarounk's Antique Armour Shop.
  2185 | D:3      | Found Hal Nur's Book Shoppe.
  2571 | D:3      | Found Tuuliacu's Distillery.
  2576 | D:3      | Bought a potion of enlightenment for 50 gold pieces
  2576 | D:3      | Bought a potion of heal wounds for 50 gold pieces
  2576 | D:3      | Bought a potion of curing for 30 gold pieces
  2581 | D:3      | Bought a potion of curing for 30 gold pieces
  2764 | D:4      | Reached XP level 6. HP: 11/39 MP: 2/10
  2769 | D:4      | HP: 1/39 [poisoned by an orc wizard]
  2770 | D:4      | Succumbed to an orc wizard's poison

Illustrated notes

Levels and vault maps discovered:
D:1:      zelgadis_glass_arrival_small, layout_basic, st_stairs_11
D:2:      cheibrodos_old_hovel, layout_rooms, eino_tiny_chamber, minmay_bisected
D:3:      layout_basic, serial_shops, shop, shop, nicolae_shop_rolling_square,
          shop
D:4:      layout_basic, minmay_temple_entry_statues_pillars,
          gammafunk_ghost_split

Skill      XL: |  1  2  3  4  5 |
---------------+----------------+-----
Stealth        | 3 |  3.2
Poison Magic   | 4 |  4.9
Fighting       | 1 |  1.7
Conjurations   | 1 2 |  2.1
Unarmed Combat | 1 |  1.8
Transmutations | 2 |  2.3
Dodging        | |  2.0
Spellcasting   | |  2.7

Action                     |  1- 3 |  4- 6 || total
---------------------------+-------+-------++-------
  Melee: Unarmed           |    34 |    59 ||    93
         Constrict         |    11 |    17 ||    28
         Tentacles         |     9 |    13 ||    22
         Long sword        |       |    22 ||    22
  Throw: Dart              |       |     4 ||     4
   Cast: Sting             |    62 |    50 ||   112
         Mephitic Cloud    |       |     2 ||     2
         Olgreb's Toxic Ra |       |     2 ||     2
    Use: Scroll            |     1 |     5 ||     6
         Potion            |       |     8 ||     8
   Stab: Sleeping          |     2 |       ||     2
         Confused          |       |     2 ||     2
         Distracted        |       |     1 ||     1
 Armour: Skin              |    20 |    48 ||    68
  Dodge: Dodged            |    53 |    48 ||   101
  Block: Other             |     1 |    19 ||    20

Table legend: (Time is in decaauts)
 A = Elapsed time spent in this place.
 B = Non-inter-level travel time spent in this place.
 C = Inter-level travel time spent in this place.
 D = Time resting spent in this place.
 E = Time spent auto-exploring this place.
 F = Levels seen in this place.
 G = Mean time per level.
                   A        B        C        D        E       F      G
               +--------+--------+--------+--------+--------+-----+--------+
         Total |   2774 |   2706 |     68 |     40 |   1998 |   4 |  693.5 |
       Dungeon |   2774 |   2706 |     68 |     40 |   1998 |   4 |  693.5 |
               +--------+--------+--------+--------+--------+-----+--------+

Top non-repeatable levels by time:
     D:1: 1103 daAuts
     D:2: 955 daAuts
     D:3: 640 daAuts
     D:4: 76 daAuts
